 Dungeon Crawl Stone Soup version 0.19.4-8-ga85b6b9 (webtiles) character file.

8046 Mefis the Thaumaturge (level 11, 0/54 HPs)
             Began as a Deep Elf Wizard on Feb 12, 2017.
             Was an Elder of Sif Muna.
             Slain by a wraith (10 damage)
             ... led by Josephine
             ... on level 9 of the Dungeon.
             The game lasted 00:34:46 (14162 turns).

Mefis the Thaumaturge (Deep Elf Wizard)            Turns: 14162, Time: 00:34:46

Health: 0/54       AC:  4    Str:  4    XL:     11   Next: 4%
Magic:  15/27      EV: 17    Int: 27    God:    Sif Muna [****..]
Gold:   464        SH:  0    Dex: 18    Spells: 10 memorised, 2 levels left

rFire  . . .     SeeInvis .     a - +2 short sword (drain)
rCold  . . .     Gourm    .     v - +0 robe (curse)
rNeg   . . .     Faith    .     (no shield)
rPois  .         Spirit   .     H - +0 helmet
rElec  .         Reflect  .     (no cloak)
rCorr  .         Harm     .     (no gloves)
MR     ++...                    Q - +0 pair of boots
Stlth  +++.......               z - amulet of regeneration
                                F - ring of protection from magic
                                y - +5 ring of dexterity

@: slowed, repel missiles, very slow
A: no striking features
a: Divine Energy, Channel Magic, Forget Spell, Renounce Religion


You were on level 9 of the Dungeon.
You worshipped Sif Muna.
Sif Muna was greatly pleased with you.
You were very hungry.

You visited 2 branches of the dungeon, and saw 11 of its levels.

You collected 464 gold pieces.

Inventory:

Hand Weapons
 a - a +2 short sword of draining (weapon)
Missiles
 m - 2 throwing nets (quivered)
 w - 59 sling bullets
 N - 19 poisoned needles
Armour
 v - a cursed +0 robe (worn)
 H - a +0 helmet (worn)
 Q - a +0 pair of boots (worn)
Magical Staves
 L - an uncursed staff of air
Jewellery
 y - a +5 ring of dexterity (left hand)
 z - an amulet of regeneration (around neck)
 F - a ring of protection from magic (right hand)
 X - an uncursed ring of protection from cold
Wands
 f - a wand of paralysis (2/24)
 t - a wand of disintegration (4/24)
 G - a wand of iceblast (8/15)
 S - a wand of teleportation (7/9)
 Y - a wand of disintegration (14/24)
Scrolls
 e - a scroll of fog
 h - 5 scrolls of teleportation
 i - 2 scrolls of fear
 j - 3 scrolls of blinking
 u - 2 scrolls of noise
 B - 3 scrolls of magic mapping
 C - a scroll of recharging
 D - 6 scrolls of remove curse
 K - 2 scrolls of amnesia {unknown}
 O - a scroll of enchant weapon {unknown}
 P - a scroll of immolation {unknown}
 U - a scroll of vulnerability {unknown}
 V - a scroll of enchant armour {unknown}
Potions
 g - a potion of resistance {unknown}
 k - a potion of mutation {unknown}
 l - 2 potions of brilliance
 n - 2 potions of might {unknown}
 o - 2 potions of heal wounds {unknown}
 r - 2 potions of invisibility {unknown}
 s - a potion of flight {unknown}
 A - 3 potions of curing {unknown}
 E - 2 potions of degeneration {unknown}
 I - 2 potions of haste {unknown}
 J - 2 potions of agility {unknown}
 T - 2 potions of ambrosia {unknown}
 W - a potion of berserk rage {unknown}
Books
 b - Sif Muna's Catalogue of Bewitchment
   (Sif Muna gifted it to you on level 8 of the Dungeon)

   Spells                             Type                      Level
   a - Summon Guardian Golem          Hexes/Summoning              3
   b - Summon Mana Viper              Hexes/Summoning              5
   c - Invisibility                   Hexes                        6
 c - a book of Minor Magic

   Spells                             Type                      Level
   a - Magic Dart                     Conjuration                  1
   b - Blink                          Translocation                2
   c - Call Imp                       Summoning                    2
   d - Repel Missiles                 Charms/Air                   2
   e - Slow                           Hexes                        2
   f - Conjure Flame                  Conjuration/Fire             3
   g - Mephitic Cloud                 Conjuration/Poison/Air       3
 M - a book of Maledictions

   Spells                             Type                      Level
   a - Corona                         Hexes                        1
   b - Ensorcelled Hibernation        Hexes/Ice                    2
   c - Confuse                        Hexes                        3
   d - Tukima's Dance                 Hexes                        3
   e - Dazzling Spray                 Conjuration/Hexes            3
 Z - a book of Power

   Spells                             Type                      Level
   a - Fulminant Prism                Conjuration/Hexes            4
   b - Iskenderun's Mystic Blast      Conjuration                  4
   c - Venom Bolt                     Conjuration/Poison           5
   d - Bolt of Magma                  Conjuration/Fire/Earth       5
   e - Iron Shot                      Conjuration/Earth            6
   f - Orb of Destruction             Conjuration                  7
   g - Spellforged Servitor           Conjuration/Summoning        7
Comestibles
 d - 7 bread rations
 p - 2 beef jerkies
 q - 26 fruits
 x - a slice of pizza


   Skills:
 + Level 6.5 Dodging
 - Level 4.2 Stealth
 + Level 10.1 Spellcasting
 * Level 7.2 Conjurations
 * Level 7.5 Hexes
 - Level 4.8 Charms
   Level 4.5 Summonings
 - Level 4.1 Translocations
 + Level 2.5 Fire Magic
   Level 5.6 Ice Magic
 - Level 3.2 Air Magic
 + Level 1.8 Earth Magic
 - Level 1.2 Poison Magic
 + Level 4.5 Invocations
 + Level 4.4 Evocations


You had 2 spell levels left.
You knew the following spells:

 Your Spells              Type           Power        Failure   Level  Hunger
a - Magic Dart            Conj           ####         1%          1    None
c - Blink                 Tloc           N/A          1%          2    None
d - Bolt of Magma         Conj/Fire/Erth ####......   28%         5    ####...
e - Mephitic Cloud        Conj/Pois/Air  ####....     2%          3    None
f - Conjure Flame         Conj/Fire      #####...     1%          3    None
g - Slow                  Hex            ######..     1%          2    None
h - Tukima's Dance        Hex            ######..     1%          3    None
p - Repel Missiles        Chrm/Air       #####.       1%          2    None
q - Fulminant Prism       Conj/Hex       ######....   2%          4    None
s - Dazzling Spray        Conj/Hex       ######       1%          3    None


Dungeon Overview and Level Annotations

Branches:
Dungeon (10/15)            Temple (1/1) D:4
   Lair: D:8-11         Orc: D:9-12

Altars:
Ashenzari
Cheibriados
Dithmenos
Elyvilon
Fedhas
Gozag
Hepliaklqana
Kikubaaqudgha
Makhleb
Nemelex Xobeh
Okawaru
Qazlal
Ru
Sif Muna
Trog
Uskayaw
Vehumet
Xom
Yredelemnul
Zin
The Shining One

Annotations:
D:1 1 runed door
D:6 exclusion: 2 downstairs


Message History

The blast of energy engulfs the wraith.
You destroy the wraith!
Sif Muna accepts your kill.
Your base Conjurations skill increases to level 7!
The blast of energy engulfs Josephine.
You kill Josephine!
Sif Muna accepts your kill.
Your life force feels restored.
You have reached level 11!
There is a stone staircase leading up here.
The wraith barely misses you. The wraith hits you!
* * * LOW HITPOINT WARNING * * *
The wraith drains your vigour!
You feel as though you will be slow longer.
You climb upwards.
There is a stone staircase leading down here.
Casting: Fulminant Prism
Confirm with . or Enter, or press ? or * to list all spells.
You blink.
The wraith hits you!
You die...

############
#..........##
#######(#..........
####W....#...######^##
#..ยง.@.).....# #.#
#.##.###.##.## ###.#
#.##.# #.##.# ##...##
#.##.# #.##.####.....#
#.#..# #.#............
#.#.## #.#.).###......
#.#.# #.#...# ##...##
#.#.# #.#...# ######
##.#.# #.#...# #


You could see a wraith.

Vanquished Creatures
  Josephine (D:10)
  The ghost of cotteux the Grappler, a novice TrMo of Okawaru (D:8)
  A troll (D:8)
  A hornet (D:9)
  A hippogriff (D:8)
  2 wraiths
  A wyvern (D:8)
  A steam dragon (D:8)
  5 ice beasts
  5 orc warriors
  3 sky beasts
  A black bear (D:8)
  An eye of draining (D:9)
  6 ogres
  6 centaurs
  2 big kobolds (D:9)
  6 bullfrogs
  A water moccasin zombie (D:8)
  4 scorpions
  10 killer bees (D:8)
  4 electric eels (D:7)
  A wight (D:7)
  2 howler monkeys
  4 crimson imps
  2 bullfrog zombies
  2 centaur zombies
  A quasit (D:8)
  6 hounds
  4 jellies
  4 orc priests
  2 bullfrog skeletons
  A gnoll shaman (D:6)
  5 orc wizards
  4 iguanas
  11 worker ants
  A hound zombie (D:8)
  4 hound skeletons
  4 worker ant zombies
  7 gnolls
  15 adders
  2 shadow imps
  An ooze (D:2)
  4 worms
  6 dart slugs (D:7)
  7 leopard geckos
  23 orcs
  3 giant cockroaches
  8 goblins
  7 hobgoblins
  7 jackals (D:4)
  A quokka (D:5)
  2 ball pythons
  8 bats
  9 frilled lizards
  8 kobolds
  2 leopard gecko skeletons
  4 rats
245 creatures vanquished.

Vanquished Creatures (collateral kills)
  A killer bee (D:8)
  A dart slug (D:2)
  A giant cockroach (D:2)
  A goblin (D:2)
  A hobgoblin (D:2)
5 creatures vanquished.

Vanquished Creatures (others)
  A dancing weapon (D:9)
  A killer bee (D:8)
  8 fulminant prisms
10 creatures vanquished.

Grand Total: 260 creatures vanquished

Notes
Turn   | Place    | Note
-------+----------+-------------------------------------------
     0 | D:1      | Mefis the Deep Elf Wizard began the quest for the Orb.
     0 | D:1      | Reached XP level 1. HP: 10/10 MP: 7/7
     0 | D:1      | Noticed a jelly
     1 | D:1      | Found a runed door.
   520 | D:1      | Reached XP level 2. HP: 10/15 MP: 1/9
   524 | D:1      | Learned a level 2 spell: Call Imp
   527 | D:1      | Learned a level 2 spell: Blink
   530 | D:1      | Learned a level 2 spell: Repel Missiles
  1114 | D:2      | Reached skill level 5 in Spellcasting
  1245 | D:2      | Reached XP level 3. HP: 15/19 MP: 4/11
  1534 | D:2      | Found a white marble altar of Elyvilon.
  1700 | D:2      | Reached XP level 4. HP: 24/24 MP: 8/13
  1706 | D:2      | Learned a level 3 spell: Mephitic Cloud
  1710 | D:2      | Learned a level 3 spell: Conjure Flame
  3068 | D:4      | Found a faded altar of an unknown god.
  3068 | D:4      | Found a basalt altar of Yredelemnul.
  3073 | D:4      | Found an iron altar of Okawaru.
  3079 | D:4      | Reached skill level 6 in Spellcasting
  3126 | D:4      | Found a faded altar of an unknown god.
  3127 | D:4      | Found a faded altar of an unknown god.
  3165 | D:4      | Reached XP level 5. HP: 28/28 MP: 10/15
  3169 | D:4      | Learned a level 2 spell: Slow
  3179 | D:4      | Noticed an orc warrior
  3232 | D:4      | Killed an orc warrior
  3232 | D:4      | Reached skill level 1 in Air Magic
  3232 | D:4      | Reached skill level 1 in Poison Magic
  3386 | D:4      | Found a staircase to the Ecumenical Temple.
  3411 | Temple   | Entered the Ecumenical Temple
  3513 | Temple   | Became a worshipper of Sif Muna the Loreminder
  3585 | D:4      | Reached skill level 1 in Hexes
  3749 | D:4      | Reached skill level 1 in Charms
  3749 | D:4      | Reached XP level 6. HP: 32/32 MP: 9/17
  4115 | D:4      | Found a burning altar of Makhleb.
  4153 | D:4      | Reached * piety under Sif Muna
  4438 | D:5      | Entered Level 5 of the Dungeon
  4445 | D:5      | Noticed an ice beast
  4479 | D:4      | Reached XP level 7. HP: 36/36 MP: 1/19
  4604 | D:5      | Reached skill level 7 in Spellcasting
  5341 | D:5      | Learned a level 3 spell: Tukima's Dance
  5636 | D:5      | Reached ** piety under Sif Muna
  5636 | D:5      | Reached XP level 8. HP: 41/41 MP: 7/21
  5641 | D:5      | Learned a level 3 spell: Dazzling Spray
  7045 | D:6      | Reached skill level 8 in Spellcasting
  7171 | D:6      | Reached *** piety under Sif Muna
  7524 | D:7      | Learned a level 2 spell: Ensorcelled Hibernation
  8105 | D:7      | Reached skill level 1 in Ice Magic
  8105 | D:7      | Reached skill level 1 in Evocations
  8162 | D:7      | Reached XP level 9. HP: 25/45 MP: 18/23
  8294 | D:7      | Reached skill level 1 in Invocations
  8298 | D:7      | Reached skill level 5 in Conjurations
  9767 | D:8      | Noticed cotteux's ghost (novice TrMo)
  9978 | D:8      | Reached skill level 5 in Hexes
 10150 | D:8      | Killed cotteux's ghost
 10150 | D:8      | Reached **** piety under Sif Muna
 10150 | D:8      | Reached skill level 9 in Spellcasting
 10474 | D:8      | Reached XP level 10. HP: 47/50 MP: 2/25
 10474 | D:8      | Reached skill level 5 in Dodging
 10650 | D:8      | Reached skill level 5 in Ice Magic
 11903 | D:8      | Reached ***** piety under Sif Muna
 11935 | D:8      | Identified Sif Muna's Catalogue of Bewitchment (Sif Muna gifted it to you on level 8 of the Dungeon)
 11935 | D:8      | Received a gift from Sif Muna
 12035 | D:8      | Learned a level 4 spell: Fulminant Prism
 12043 | D:8      | Learned a level 5 spell: Bolt of Magma
 12633 | D:8      | Reached skill level 1 in Fire Magic
 13292 | D:9      | Reached skill level 1 in Earth Magic
 13339 | D:9      | Reached skill level 10 in Spellcasting
 14145 | D:10     | Entered Level 10 of the Dungeon
 14149 | D:10     | Noticed Josephine
 14158 | D:10     | Killed Josephine
 14158 | D:10     | Reached XP level 11. HP: 19/54 MP: 16/27
 14162 | D:9      | Slain by a wraith

Skill      XL: |  1  2  3  4  5  6  7  8  9 10 |
---------------+-------------------------------+-----
Stealth        | 3 4 |  4.2
Spellcasting   | 5 6 7 8 9 10 | 10.1
Conjurations   | 2 3 4 6 7 |  7.2
Dodging        | 3 4 6 |  6.5
Air Magic      | 1 2 3 |  3.2
Poison Magic   | 1 |  1.2
Hexes          | 1 2 3 4 5 7 |  7.5
Charms         | 1 2 3 4 |  4.8
Translocations | 2 3 4 |  4.1
Summonings     | 2 3 4 |  4.5
Ice Magic      | 1 4 5 |  5.6
Evocations     | 1 3 4 |  4.4
Invocations    | 3 4 |  4.5
Fire Magic     | 2 |  2.5
Earth Magic    | 1 |  1.8

Action                   |  1- 3 |  4- 6 |  7- 9 | 10-12 || total
-------------------------+-------+-------+-------+-------++-------
Melee: Unarmed           |     7 |       |       |       ||     7
       Short sword       |       |    23 |    13 |    47 ||    83
       Rapier            |       |       |    32 |       ||    32
Throw: Tomahawk          |     9 |       |       |       ||     9
 Cast: Magic Dart        |    76 |   130 |   286 |   113 ||   605
       Repel Missiles    |     1 |       |     2 |     1 ||     4
       Call Imp          |     2 |       |       |       ||     2
       Conjure Flame     |       |     3 |    20 |     4 ||    27
       Mephitic Cloud    |       |     6 |    25 |     5 ||    36
       Blink             |       |     1 |     5 |     8 ||    14
       Dazzling Spray    |       |       |    86 |    97 ||   183
       Slow              |       |       |     4 |     1 ||     5
       Ensorcelled Hiber |       |       |       |     8 ||     8
       Fulminant Prism   |       |       |       |     8 ||     8
       Tukima's Dance    |       |       |       |     1 ||     1
Invok: Forget Spell      |       |       |       |     2 ||     2
       Channel Magic     |       |       |       |     1 ||     1
Evoke: Wand              |       |       |    10 |       ||    10
  Use: Scroll            |       |       |     5 |     6 ||    11
 Stab: Sleeping          |       |     1 |     2 |     6 ||     9
       Confused          |       |     1 |       |       ||     1
       Invisible         |       |       |     2 |     3 ||     5
  Eat: Chunk             |     2 |     8 |    11 |     4 ||    25
       Meat ration       |       |       |     2 |       ||     2
       Bread ration      |       |       |       |     1 ||     1
Armor: Robe              |     3 |     3 |    16 |    15 ||    37
Dodge: Dodged            |    15 |    26 |    94 |    87 ||   222
       Deflected         |       |       |     7 |     4 ||    11
